AoeStats
← CYTR.波吉

African Clearing

506866869Analyzed
4v4 RM · 15d ago on Sep 15, 2026· 41m 2s· 8 players
Game mode
Random Map
Map size
Large (8 player)
Population
200
Speed
Normal
Resources
Standard
Victory
Conquest
Starting age
Dark Age
Ending age
Imperial Age
RankedLock teamsTeams togetherTeam positionsShared explorationLock speedFull tech treeHidden civsTurbo modeCheats
Victory
Defeat
🇨🇳 Japanese · China
1495
+10
🇦🇺 Mongols · Australia
1273
+19
🇨🇳 Lithuanians · China
1246
+20
🇨🇳 Romans · China
1180
+21
🇹🇼 Vietnamese · Taiwan
1352
-18
🇹🇼 Tupi · Taiwan
1351
-18
🇺🇸 Vikings · United States
1318
-17
🇺🇸 Berbers · United States
1318
-17
raggnar_lothbrook
3:18 Loom
12:54 Feudal Age
12:57 Man-at-Arms
13:30 Double-Bit Axe
nprhino_aoe
10:24 Loom
13:42 Feudal Age
18:15 Castle Age
18:24 Double-Bit Axe
18:52 Fletching
19:16 Bow Saw
19:31 Bodkin Arrow
27:25 Ballistics
28:06 Padded Archer Armor
29:43 Leather Archer Armor
30:10 Horse Collar
34:27 Heavy Plow
39:02 Imperial Age
37:00 Husbandry
37:12 Bloodlines
37:40 Scale Barding Armor
38:27 Wheelbarrow
38:43 Chain Barding Armor
CYTR.波吉
11:00 Loom
13:09 Feudal Age
17:24 Castle Age
16:12 Double-Bit Axe
18:30 Bow Saw
18:11 Gold Mining
18:53 Fletching
20:35 Gold Shaft Mining
23:07 Bodkin Arrow
25:06 Padded Archer Armor
26:43 Town Watch
27:50 Wheelbarrow
31:59 Heated Shot
32:32 Ballistics
31:53 Treadmill Crane
32:44 Hand Cart
36:07 Horse Collar
CYTR.波力士上帝
9:09 Loom
9:38 Loom
11:47 Feudal Age
12:52 Town Watch
30:45 Double-Bit Axe
40:33 Castle Age
39:50 Fletching
坐边抗压沙包人
11:58 Feudal Age
11:59 Man-at-Arms
12:27 Loom
14:03 Scale Mail Armor
19:27 Forging
20:08 Double-Bit Axe
24:41 Castle Age
26:10 Bow Saw
30:28 Horse Collar
椒香三角铁
2:52 Loom
5:42 Loom
13:17 Feudal Age
20:37 Castle Age
19:24 Fletching
19:27 Double-Bit Axe
20:33 Fishing Lines
21:17 Bloodlines
21:42 Bow Saw
21:44 Husbandry
23:06 Bodkin Arrow
23:11 Padded Archer Armor
25:06 Gold Mining
25:38 Ballistics
26:13 Leather Archer Armor
26:51 Thumb Ring
27:42 Gold Shaft Mining
31:42 Wheelbarrow
36:06 Imperial Age
34:49 Hand Cart
37:13 Bracer
37:44 Ring Archer Armor
36:41 Heavy Cavalry Archer
39:06 Ring Archer Armor
39:14 Parthian Tactics
40:18 Chemistry
39:29 Masonry
DreamStolen
4:12 Loom
13:00 Feudal Age
14:54 Scale Barding Armor
16:23 Forging
17:50 Bloodlines
18:12 Double-Bit Axe
21:58 Castle Age
23:58 Elite Skirmisher
26:56 Fletching
28:29 Bodkin Arrow
28:36 Padded Archer Armor
30:46 Chain Barding Armor
33:11 Iron Casting
33:16 Horse Collar
35:11 Wheelbarrow
35:20 Heavy Plow
36:38 Husbandry
38:40 Hand Cart
41:53 Imperial Age
41:13 Thumb Ring
心如止水
9:02 Loom
11:22 Feudal Age
12:03 Double-Bit Axe
14:17 Scale Barding Armor
15:20 Forging
22:46 Castle Age
21:06 Fletching
21:42 Gold Mining
22:28 Bloodlines
23:30 Bodkin Arrow
25:19 Husbandry
25:49 Padded Archer Armor
29:14 Wheelbarrow
31:14 Ballistics
33:47 Bow Saw
34:22 Hand Cart
33:52 Town Watch
33:49 Horse Collar
35:07 Stone Mining
38:32 Imperial Age
36:48 Chain Barding Armor
37:04 Iron Casting
38:44 Elite Leitis
39:44 Conscription
40:01 Plate Barding Armor
39:15 Treadmill Crane
40:36 Chemistry
40:26 Bracer
Connection lost

Rejoining the realm…

Still unreachable

The connection could not be restored.

Session expired

The server has moved on; the page needs a fresh start.